 Dungeon Crawl Stone Soup version 0.26-a0-665-gefeb406119 (webtiles) character file.

Game seed: 8540449586566572795

569 jasper the Chiller (level 7, 0/34 HPs)
             Began as a Vine Stalker Ice Elementalist on Oct 15, 2020.
             Was a Follower of Kikubaaqudgha.
             Slain by a jackal (1 damage)
             ... on level 4 of the Dungeon.
             The game lasted 00:10:18 (4874 turns).

jasper the Chiller (Vine Stalker Ice Elementalist)  Turns: 4874, Time: 00:10:18

Health: 0/34       AC:  6    Str: 11    XL:     7   Next: 33%
Magic:  0/12       EV: 13    Int: 17    God:    Kikubaaqudgha [*.....]
Gold:   66         SH:  0    Dex: 14    Spells: 5/12 levels left

rFire    . . .     SeeInvis .   y - +2 glaive (vorpal)
rCold    . . .     Faith    .   (shield currently unavailable)
rNeg     + . .     Spirit   +   n - +2 robe {rN+}
rPois    .         Reflect  .   (no helmet)
rElec    .         Harm     .   (no cloak)
rCorr    .         Rampage  .   i - +0 pair of gloves
MR       .....                  o - +0 pair of boots
Stlth    ++........             (no amulet)
HPRegen  0.51/turn              (no ring)
MPRegen  0.13/turn              (no ring)

@: frozen ramparts
A: fangs 2, regeneration 1, magic shield, antimagic bite, no potion heal 3, rot
immunity
a: Receive Corpses, Renounce Religion


You were on level 4 of the Dungeon.
You worshipped Kikubaaqudgha.
Kikubaaqudgha was aware of your devotion.
You visited 1 branch of the dungeon, and saw 4 of its levels.
You also visited: Sewer.

You collected 248 gold pieces.
You spent 182 gold pieces at shops.

Inventory:

Hand Weapons
 c - a +0 dagger
 f - a +0 whip
 g - a +0 glaive
 y - a +2 vorpal glaive (weapon)
Missiles
 e - 13 poisoned darts (quivered)
Armour
 a - a +0 robe
 i - a +0 pair of gloves (worn)
 n - a +2 robe of positive energy (worn)
 o - a +0 pair of boots (worn)
Jewellery
 b - an uncursed ring of fire
 w - a cursed ring of attention {unknown}
Scrolls
 d - a scroll of teleportation
 j - 7 scrolls of remove curse
 l - 2 scrolls of immolation {unknown}
 m - 3 scrolls of enchant armour {unknown}
 q - 3 scrolls of amnesia {unknown}
 t - 2 scrolls of blinking {unknown}
 v - a scroll of enchant weapon {unknown}
Potions
 h - 6 potions of curing
 k - a potion of berserk rage {unknown}
 p - 2 potions of heal wounds {unknown}
 r - a potion of stabbing {unknown}
 s - 3 potions of magic {unknown}
 u - a potion of resistance {unknown}
 x - a potion of haste
 z - a potion of brilliance
 A - 2 potions of flight {unknown}


   Skills:
 + Level 1.9 Fighting
 + Level 2.6 Dodging
 - Level 2.4 Stealth
 + Level 3.2 Spellcasting
 + Level 1.4 Necromancy
 * Level 7.2 Ice Magic


You had 5 spell levels left.
You knew the following spells:

 Your Spells              Type           Power        Failure   Level
a - Freeze                Ice            ####         1%          1
b - Frozen Ramparts       Ice            ####..       2%          3
c - Ozocubu's Armour      Ice            ####....     2%          3

Your spell library contained the following spells:

 Spells                   Type           Power        Failure   Level
 Hailstorm                Conj/Ice       ##......     36%         4
 Summon Ice Beast         Ice/Summ       ##......     36%         4


Dungeon Overview and Level Annotations

Branches:
Dungeon (4/15)              Sewer (visited)
 Temple: D:4-7

Altars:
Dithmenos
Fedhas
Kikubaaqudgha

Shops:
D:4 !

Annotations:
D:4 3 runed translucent doors, HilariousDeathArtist's ghost, amateur MiBr


Innate Abilities, Weirdness & Mutations

You have extremely sharp teeth.
Your natural rate of healing is unusually fast.
When hurt, damage is shared between your health and your magic reserves.
Your bite disrupts and absorbs the magic of your enemies.
Potions cannot restore your health.
You are immune to rotting.


Message History

You are too injured to fight recklessly!
The wall freezes the orc.
You kill the orc!
Kikubaaqudgha accepts your kill.
A magic dart appears from out of thin air!
The magic dart hits you.
* * * LOW HITPOINT WARNING * * *
The jackal bites you.
* * * LOW HITPOINT WARNING * * *
The wall freezes the orc wizard.
The orc wizard points at you and mumbles some strange words.
The puff of flame hits you!
* * * LOW HITPOINT WARNING * * *
Things that are here:
a +0 hand axe; an orc corpse You take 10 damage, and have 1/34 hp.
MASSIVE DAMAGE!!
You now have 0/12 mp.
The wall freezes the iguana.
The wall freezes the orc wizard.
The wall freezes the jackal.
The jackal bites you.
You die...
Kikubaaqudgha rasps: "You have failed me!
Welcome... death!"

######...........##
..............#..####
###.................#
....##...........>..#
.#####........##....#
.# #........##....#
.#
#######.###....####
## ..# #.......# ##
#.####@.......# .#
#)h....>...# ....#
#o.......!.# .##.#
#..........# .#
#†l........#
...........#
###........#
......... ........=


You could see an iguana, an orc wizard and a jackal.

Vanquished Creatures
  A centaur (D:3)
  A big kobold (Sewer)
  A scorpion (D:4)
  Jessica (D:2)
  4 orc wizards (D:4)
  An iguana (D:4)
  A worker ant (D:4)
  3 adders
  A river rat (Sewer)
  3 oozes
  An adder skeleton (D:4)
  2 worms (D:2)
  5 dart slugs
  4 leopard geckos
  14 orcs
  A ball python (D:3)
  7 giant cockroaches
  8 goblins
  9 hobgoblins
  9 jackals
  A quokka (D:2)
  8 bats
  7 frilled lizards
  14 kobolds
  10 rats
117 creatures vanquished.

Notes
Turn   | Place    | Note
-------+----------+-------------------------------------------
     0 | D:1      | jasper the Vine Stalker Ice Elementalist began the quest
                  | for the Orb.
     0 | D:1      | Reached XP level 1. HP: 9/9 MP: 4/4
   370 | D:2      | Reached XP level 2. HP: 11/13 MP: 1/6
   527 | D:2      | Reached skill level 5 in Ice Magic
   527 | D:2      | Reached XP level 3. HP: 15/16 MP: 2/7
   599 | D:2      | Learned a level 3 spell: Frozen Ramparts
  1257 | D:2      | Noticed Jessica
  1269 | D:2      | Killed Jessica
  1269 | D:2      | Gained mutation: Your natural rate of healing is unusually
                  | fast. [Vine Stalker growth]
  1269 | D:2      | Reached XP level 4. HP: 21/21 MP: 4/8
  1274 | D:2      | Learned a level 3 spell: Ozocubu's Armour
  2049 | D:1      | Reached skill level 6 in Ice Magic
  2196 | D:1      | Reached XP level 5. HP: 24/24 MP: 4/9
  2968 | D:3      | Found a blossoming altar of Fedhas.
  3666 | D:3      | Noticed a centaur
  3674 | D:3      | Killed a centaur
  3674 | D:3      | Reached skill level 1 in Fighting
  3674 | D:3      | Reached XP level 6. HP: 26/30 MP: 1/10
  3888 | D:3      | Found an ancient bone altar of Kikubaaqudgha.
  3897 | D:3      | Became a worshipper of Kikubaaqudgha
  3943 | D:4      | Found a runed translucent gate.
  3943 | D:4      | Found a runed translucent gate.
  3943 | D:4      | Found a runed translucent gate.
  3943 | D:4      | Noticed HilariousDeathArtist's ghost (amateur MiBr)
  4125 | D:4      | Found a shadowy altar of Dithmenos.
  4181 | D:4      | Found Setrikle's Distillery.
  4191 | D:4      | Bought a potion of haste for 130 gold pieces
  4191 | D:4      | Bought a potion of brilliance for 52 gold pieces
  4424 | D:4      | Found a glowing drain.
  4437 | Sewer    | Entered a sewer
  4444 | Sewer    | Reached skill level 1 in Necromancy
  4540 | Sewer    | Reached skill level 7 in Ice Magic
  4545 | Sewer    | Reached XP level 7. HP: 33/34 MP: 6/12
  4691 | Sewer    | Found a glowing silver altar of Zin.
  4871 | D:4      | Reached * piety under Kikubaaqudgha
  4871 | D:4      | Identified Kikubaaqudgha's Incunabulum of Sinister Rites
                  | (Kikubaaqudgha gifted it to you on level 4 of the Dungeon)
  4871 | D:4      | Received a gift from Kikubaaqudgha
  4873 | D:4      | HP: 1/34 [orc wizard/puff of flame (7)]
  4874 | D:4      | Slain by a jackal

Illustrated notes

Levels and vault maps discovered:
D:1:      lightli_iron_boxes, layout_basic
D:2:      layout_loops_cross, hangedman_decor_peaks_small, uniq_jessica
D:3:      layout_loops_corners, lemuel_round_altar, fedhas_altar_fruit_tree
D:4:      layout_rooms, nicolae_dithmenos_the_darkroom,
          minmay_temple_entry_nine_rooms, serial_shops, shop,
          ebering_ghost_rock_garden, portal_sewer_entry_f

Skill      XL: |  1  2  3  4  5  6 |
---------------+-------------------+-----
Ice Magic      | 5 6 7 |  7.2
Fighting       | 1 |  1.9
Dodging        | 2 |  2.6
Spellcasting   | 3 |  3.2
Necromancy     | 1 |  1.4
Stealth        | |  2.4

Action                   |  1- 3 |  4- 6 |  7- 9 || total
-------------------------+-------+-------+-------++-------
Melee: Glaive            |    28 |   143 |    20 ||   191
       Bite              |       |    21 |     2 ||    23
Throw: Dart              |    31 |     3 |       ||    34
 Cast: Freeze            |    29 |     4 |       ||    33
       Frozen Ramparts   |     1 |    13 |     4 ||    18
       Ozocubu's Armour  |       |    19 |     2 ||    21
  Use: Scroll            |       |     3 |       ||     3
 Stab: Sleeping          |       |    11 |     1 ||    12
Armor: Robe              |    14 |    40 |    13 ||    67
Dodge: Dodged            |    43 |    87 |    13 ||   143

Table legend: (Time is in decaauts)
 A = Elapsed time spent in this place.
 B = Non-inter-level travel time spent in this place.
 C = Inter-level travel time spent in this place.
 D = Time resting spent in this place.
 E = Time spent auto-exploring this place.
 F = Levels seen in this place.
 G = Mean time per level.
                   A        B        C        D        E       F      G
               +--------+--------+--------+--------+--------+-----+--------+
         Total |   5057 |   4967 |     90 |    795 |   3103 |   5 | 1011.4 |
       Dungeon |   4700 |   4610 |     90 |    713 |   2942 |   4 | 1175.0 |
         Sewer |    356 |    356 |      0 |     82 |    161 |   1 |  356.0 |
               +--------+--------+--------+--------+--------+-----+--------+

Top non-repeatable levels by time:
     D:2: 1767 daAuts
     D:3: 1212 daAuts
     D:1: 1067 daAuts
     D:4: 653 daAuts
   Sewer: 356 daAuts
